 Dungeon Crawl Stone Soup version 0.28.0-53-g5a82cb258f (webtiles) character file.

Game seed: 8519322250358689891

175 cbfl8 the Skirmisher (level 5, -1/72 HPs)
             Began as a Minotaur Berserker on July 26, 2022.
             Was a Follower of Trog.
             Slain by a hobgoblin
             ... wielding a +2 hand axe of freezing
              (5 damage)
             ... on level 2 of the Dungeon.
             The game lasted 00:02:09 (1289 turns).

cbfl8 the Skirmisher (Minotaur Berserker)           Turns: 1289, Time: 00:02:10

Health: -1/72      AC:  3    Str: 21    XL:     5   Next: 29%
Magic:  4/4        EV: 12    Int:  4    God:    Trog [*.....]
Gold:   81         SH:  0    Dex: 12    Spells: 4/4 levels left

rFire   . . .      SeeInvis .   h - +0 war axe
rCold   . . .      Faith    .   (no shield)
rNeg    . . .      Spirit   .   f - +0 leather armour
rPois   .          Reflect  .   (helmet restricted)
rElec   .          Harm     .   (no cloak)
rCorr   .          Rampage  .   (no gloves)
Will    .....                   (no boots)
Stlth   ..........              (no amulet)
HPRegen 0.22/turn               (no ring)
MPRegen 0.09/turn               (no ring)

@: berserking (expiring), very quick
A: horns 2, retaliatory headbutt
a: Renounce Religion, Berserk


You were on level 2 of the Dungeon.
You worshipped Trog.
Trog was aware of your devotion.
You visited 1 branch of the dungeon, and saw 2 of its levels.

You collected 81 gold pieces.

Inventory:

Hand Weapons
 a - a +0 hand axe
 h - a +0 war axe (weapon)
Armour
 b - a +0 animal skin
 f - a +0 leather armour (worn)
Scrolls
 c - a scroll of identify {unknown}
 g - a scroll of fear {unknown}
Potions
 d - a potion of might {unknown}
 e - a potion of heal wounds {unknown}


   Skills:
 * Level 5.2 Fighting
 + Level 4.9 Axes
 + Level 3.0 Armour
 * Level 3.2 Dodging
 * Level 1.1 Stealth


You had 4 spell levels left.
You didn't know any spells.
Your spell library was empty.

Dungeon Overview and Level Annotations

Branches:
Dungeon (2/15)

Altars:


Innate Abilities, Weirdness & Mutations

You have a pair of horns on your head.
You reflexively headbutt those who attack you in melee.


Message History

You kill the rat!
Trog accepts your kill.
You slash the quokka!
You kill the quokka!
Trog accepts your kill. The hobgoblin misses you.
The ball python barely misses you. You furiously retaliate!
You headbutt the ball python!
You kill the ball python!
Trog accepts your kill.
You barely miss the hobgoblin.
The hobgoblin hits you with a +2 hand axe of freezing!
The hobgoblin freezes you.
Unknown command.
You closely miss the hobgoblin. Your headbutt misses the hobgoblin.
The hobgoblin closely misses you.
The hobgoblin hits you with a +2 hand axe of freezing.
The hobgoblin freezes you.
Unknown command.
Unknown command.
You are too injured to fight recklessly!
You are too injured to fight recklessly!
You closely miss the hobgoblin.
The hobgoblin hits you with a +2 hand axe of freezing!
The hobgoblin freezes you.
A red film seems to cover your vision as you go berserk!
You feel yourself moving faster!
You feel mighty!
The hobgoblin hits you with a +2 hand axe of freezing!
* * * LOW HITPOINT WARNING * * *
The hobgoblin freezes you.
* * * LOW HITPOINT WARNING * * *
You barely miss the hobgoblin. The hobgoblin misses you.
You barely miss the hobgoblin.
The hobgoblin hits you with a +2 hand axe of freezing.
* * * LOW HITPOINT WARNING * * *
The hobgoblin freezes you.
* * * LOW HITPOINT WARNING * * *
You closely miss the hobgoblin. You closely miss the hobgoblin.
The hobgoblin hits you with a +2 hand axe of freezing.
You die...

####.<.....##
#####..........)##
#................###
.#................#
#.............##.##
.
##.##.........##...
#..
#.###....†..####..
#....##.####.....##
#...
......g@..######.#
#..[ ......†#..#
#.## #..# #....#.
..# #..###..#
....... ....
##..##..# ####.##
....# ##..#..# #.
...... ##....) .
........####..#. ..
#####.#.........
#...#..###


You could see a hobgoblin.

Vanquished Creatures
  Sigmund (D:2)
  A worm (D:2)
  A dart slug (D:1)
  3 ball pythons
  A giant cockroach (D:1)
  3 goblins
  4 hobgoblins (D:1)
  A quokka (D:2)
  A bat (D:1)
  3 kobolds
  6 rats
25 creatures vanquished.

Notes
Turn   | Place    | Note
-------+----------+-------------------------------------------
     0 | D:1      | cbfl8 the Minotaur Berserker began the quest for the Orb.
     0 | D:1      | Reached XP level 1. HP: 19/19 MP: 0/0
   277 | D:1      | Reached XP level 2. HP: 27/27 MP: 1/1
   411 | D:1      | Reached skill level 4 in Fighting
   917 | D:1      | Found a faded altar of an unknown god.
   917 | D:1      | Noticed a neqoxec
  1135 | D:2      | Noticed Sigmund
  1140 | D:2      | Killed Sigmund
  1141 | D:2      | Reached skill level 5 in Fighting
  1141 | D:2      | Reached skill level 1 in Stealth
  1141 | D:2      | Reached XP level 3. HP: 36/36 MP: 2/2
  1141 | D:2      | Reached XP level 4. HP: 42/42 MP: 3/3
  1141 | D:2      | Reached XP level 5. HP: 48/48 MP: 4/4
  1287 | D:2      | HP: 3/72 [hobgoblin/+2 hand axe of freezing (2)]
  1289 | D:2      | Slain by a hobgoblin

Illustrated notes

Levels and vault maps discovered:
D:1:      dpeg_arrival_shelter, layout_loops_ring,
          dreamdust_ecumenical_altar_sealed_demon, chequers_serial_rivers_room_b
D:2:      layout_rooms, uniq_sigmund, uniq_natasha

Skill      XL: |  1  2 |
---------------+-------+-----
Fighting       | 5 |  5.2
Axes           | 4 |  4.9
Armour         | 3 |  3.0
Dodging        | 3 |  3.2
Stealth        | 1 |  1.1

Action                   |  1- 3 |  4- 6 || total
-------------------------+-------+-------++-------
Melee: Hand axe          |    28 |       ||    28
       War axe           |    11 |    19 ||    30
       Headbutt          |     2 |     1 ||     3
Invok: Berserk           |     1 |     1 ||     2
Armor: Animal skin       |     1 |       ||     1
       Leather armour    |    14 |     2 ||    16
Dodge: Dodged            |    25 |     9 ||    34
